Map: Prion Terraces

Players

AcerBly (Bly) - Winner!

  • Race: Zerg Zerg
  • League: Master

PtitDrogo

  • Race: Protoss Protoss
  • League: Master

Event: DreamHack ZOWIE Open Leipzig

VOD

Have the link to the VOD?

Description

Time

  • Played on: Jan. 24, 2016, 4:30 a.m.
  • Length: 11:24

All games in this series

Show
View Real Time Build Order
Export as new Build Order

AcerBly Zerg - Winner!

Build Orders: Hatch First, Roach Zergling, Zergling Roach Ravager 

Get SALT Encoding   

  12  0:01  Drone  
  13  0:12  Overlord  
  13  0:18  Drone  
  14  0:31  Drone x2  
  16  0:36  Drone  
  17  0:52  Hatchery  
  16  1:05  Spawning Pool  
  16  1:07  Drone  
  16  1:10  Drone  
  17  1:14  Drone  
  18  1:20  Drone  
  18  1:23  Extractor  
  18  1:51  Zergling x2  
  18  1:52  Zergling x4  
  21  2:03  Queen  
  21  2:04  Queen  
  21  2:05  Zergling x2  
  26  2:14  Drone x2  
  28  2:19  Overlord  
  28  2:27  Metabolic Boost  
  28  2:32  Overlord  
  28  2:44  Zergling x6  
  30  2:51  Overlord  
  30  2:57  Hatchery  
  28  3:00  Drone x3  
  27  3:09  Drone  
  25  3:15  Drone  
  26  3:20  Drone  
  27  3:32  Drone x3  
  30  3:37  Zergling x4  
  32  3:41  Drone x2  
  32  3:43  Drone  
  35  3:54  Zergling x2  
  33  3:56  Zergling x6  
  33  3:59  Drone  
  33  4:00  Drone  
  33  4:02  Drone  
  39  4:06  Evolution Chamber  
  39  4:07  Drone  
  39  4:19  Drone  
  39  4:20  Drone x3  
  42  4:37  Drone x8  
  42  4:38  Drone  
  51  4:40  Roach Warren  
  51  4:41  Overlord  
  47  4:49  Zergling x4  
  47  4:51  Queen  
  51  4:53  Overlord, Extractor  
  51  4:54  Extractor  
  49  5:04  Drone x2  
  49  5:06  Overlord  
  49  5:14  Overlord  
  49  5:18  Drone x3  
  49  5:19  Overlord  
  52  5:26  Roach x5  
  59  5:54  Overlord  
  59  5:55  Roach x8  
  59  5:56  Roach  
  77  6:04  Roach x5  
  77  6:07  Drone  
  86  6:17  Zergling x10  
  86  6:18  Zergling x2  
  92  6:24  Zergling x2  
  92  6:25  Zergling x6  
  96  6:38  Zergling x12  
  102  6:43  Ravager x4  
  102  6:44  Overlord x2  
  106  6:50  Hatchery  
  106  6:51  Overlord  
  85  7:08  Roach  
  85  7:09  Roach x6  
  85  7:12  Drone  
  85  7:13  Drone x4  
  94  7:19  Drone x2  
  94  7:21  Spore Crawler  
  91  7:29  Zergling x2  
  86  7:30  Zergling x8  
  86  7:34  Drone  
  91  7:38  Zergling x2  
  89  7:49  Lair  
  84  7:58  Roach x9  
  94  8:07  Zergling x6  
  94  8:16  Roach  
  94  8:18  Zergling x8  
  94  8:22  Drone x2  
  94  8:23  Drone  
  94  8:24  Spore Crawler  
  94  8:27  Spore Crawler  
  84  8:48  Zergling x32  
  92  8:56  Drone x2  
  92  8:57  Overseer  
  94  9:04  Glial Reconstitution  
  94  9:07  Roach  
  94  9:08  Roach x3  
  98  9:10  Overlord  
  98  9:15  Roach  
  98  9:16  Extractor  
  99  9:17  Roach x2, Queen x3  
  109  9:25  Ravager x3  
  109  9:26  Ravager x4  
  116  9:33  Roach  
  116  9:34  Roach  
  116  9:36  Spore Crawler  
  116  9:37  Drone x6  
  116  9:38  Drone x6  
  131  9:46  Roach x3  
  131  9:47  Overseer  
  135  10:13  Roach x6  
  135  10:14  Roach  
  144  10:15  Overlord  
  141  10:26  Roach  
  141  10:27  Overlord x4  
  126  10:50  Roach  
  126  10:51  Roach x9  
  138  11:03  Overseer  
  134  11:04  Overseer  
Show
View Real Time Build Order
Export as new Build Order

PtitDrogo Protoss 

Build Orders: 1 Gate Expand, Adept Opening, Mass Adepts 

Get SALT Encoding   

  12  0:01  Probe (Chrono Boost)  
  13  0:13  Pylon  
  13  0:18  Probe (Chrono Boost)  
  15  0:28  Probe (Chrono Boost)  
  15  0:33  Gateway  
  15  0:39  Probe (Chrono Boost)  
  16  0:43  Assimilator  
  16  0:49  Probe (Chrono Boost)  
  17  1:00  Probe (Chrono Boost)  
  17  1:03  Gateway  
  18  1:10  Probe (Chrono Boost)  
  19  1:20  Cybernetics Core  
  19  1:38  Nexus  
  19  1:44  Pylon  
  19  1:57  Adept (Chrono Boost)  
  19  1:59  Adept (Chrono Boost)  
  23  2:04  Probe  
  24  2:11  Assimilator  
  24  2:16  Probe (Chrono Boost)  
  24  2:20  Warp Gate  
  25  2:28  Probe (Chrono Boost)  
  26  2:39  Probe (Chrono Boost)  
  27  2:49  Probe (Chrono Boost)  
  28  3:00  Probe (Chrono Boost)  
  28  3:02  Pylon x2  
  29  3:10  Probe x2 (Chrono Boost)  
  25  3:18  Adept (Chrono Boost)  
  24  3:21  Adept (Chrono Boost)  
  26  3:27  Mothership Core (Chrono Boost)  
  22  3:42  Adept  
  22  3:44  Pylon  
  22  3:46  Adept  
  22  3:58  Probe x2 (Chrono Boost)  
  24  4:09  Probe x2 (Chrono Boost)  
  26  4:20  Probe x2 (Chrono Boost)  
  28  4:30  Probe x2 (Chrono Boost), Adept x2  
  34  4:41  Probe x2 (Chrono Boost)  
  36  4:51  Probe x2 (Chrono Boost)  
  38  5:00  Adept  
  38  5:02  Probe x2 (Chrono Boost)  
  42  5:08  Adept  
  42  5:12  Probe x2 (Chrono Boost)  
  42  5:13  Gateway  
  46  5:16  Gateway  
  46  5:23  Probe x2 (Chrono Boost)  
  46  5:26  Stalker  
  50  5:33  Probe x2 (Chrono Boost)  
  50  5:44  Probe x2 (Chrono Boost)  
  50  5:49  Adept x2  
  56  5:54  Probe x2 (Chrono Boost)  
  58  6:00  Twilight Council  
  58  6:05  Probe x2 (Chrono Boost)  
  58  6:07  Pylon  
  60  6:13  Adept  
  62  6:18  Assimilator  
  62  6:19  Assimilator  
  62  6:25  Probe x2 (Chrono Boost)  
  64  6:27  Adept x3  
  70  6:35  Pylon  
  70  6:44  Dark Shrine  
  70  6:49  Pylon  
  70  6:53  Probe x2 (Chrono Boost)  
  72  6:54  Zealot x3  
  74  7:04  Probe x2 (Chrono Boost)  
  66  7:10  Stalker  
  66  7:14  Probe x2 (Chrono Boost)  
  60  7:18  Stalker x3  
  56  7:30  Probe (Chrono Boost)  
  56  7:35  Stalker  
  55  7:45  Stalker x3  
  55  8:03  Adept  
  55  8:10  Zealot x2  
  55  8:11  Zealot  
  55  8:24  Dark Templar  
  54  8:29  Dark Templar  
  54  8:31  Dark Templar  
  54  8:34  Probe  
  54  8:35  Blink (Chrono Boost)  
  54  8:36  Stalker  
  55  8:43  Nexus  
  55  8:46  Probe x2  
  52  8:59  Dark Templar x2, Zealot  
  58  9:03  Probe x2  
  58  9:15  Probe  
  58  9:17  Pylon, Archon  
  59  9:19  Dark Templar  
  59  9:21  Zealot  
  63  9:35  Dark Templar  
  63  9:36  Zealot  
  63  9:38  Probe x2  
  69  9:40  Archon  
  69  9:41  Dark Templar  
  71  9:46  Archon  
  71  9:50  Probe  
  71  9:53  Probe  
  71  10:03  Adept x3  
  67  10:14  Dark Templar  
  65  10:22  Zealot  
  65  10:23  Adept  
  65  10:24  Adept  
  65  10:26  Probe x2  
  65  10:27  Probe  
  64  10:36  Probe  
  64  10:38  Probe  
  64  10:39  Probe  
  57  10:44  Stalker x3  
  57  10:46  Stalker  
  57  10:47  Probe  
  66  10:50  Probe  
  51  11:04  Dark Templar  
  51  11:09  Dark Templar  

Tags
 
Add a new tag
Caveats
  • Supply blocks, unpowered buildings, or Contaminate may cause inaccurate times.
  • Supply counts are checked every 10 seconds.